 Dungeon Crawl Stone Soup version 0.29-a0-643-ga013cefcf8 (webtiles) character file.

Game seed: 139055104647621270

80 ptdevnull the Chopper (level 4, -2/39 HPs)
             Began as a Hill Orc Berserker on June 20, 2022.
             Was a Believer of Trog.
             Slain by Sigmund
             ... wielding a +0 scythe
              (4 damage)
             ... on level 3 of the Dungeon.
             The game lasted 00:03:04 (2479 turns).

ptdevnull the Chopper (Hill Orc Berserker)          Turns: 2479, Time: 00:03:05

Health: -2/39      AC:  6    Str: 21    XL:     4   Next: 39%
Magic:  4/4        EV: 11    Int:  7    God:    Trog [**....]
Gold:   152        SH:  0    Dex: 10    Spells: 3/3 levels left

rFire   . . .      SeeInvis .   k - +1 mace (holy)
rCold   . . .      Faith    .   (no shield)
rNeg    . . .      Spirit   .   p - +0 ring mail
rPois   .          Reflect  .   (no helmet)
rElec   .          Harm     .   (no cloak)
rCorr   .          Rampage  .   (no gloves)
Will    .....                   g - +0 pair of boots
Stlth   ..........              (no amulet)
HPRegen 0.13/turn               (no ring)
MPRegen 0.09/turn               (no ring)

@: on berserk cooldown, slowed, very slow
A: no striking features
a: Renounce Religion, Berserk, Trog's Hand


You were on level 3 of the Dungeon.
You worshipped Trog.
Trog was pleased with you.
You visited 1 branch of the dungeon, and saw 3 of its levels.

You collected 176 gold pieces.
You spent 24 gold pieces at shops.

Inventory:

Hand Weapons
 a - a +0 hand axe
 k - a +1 mace of holy wrath (weapon)
Armour
 b - a +0 animal skin
 g - a +0 pair of boots (worn)
 l - a +0 kite shield
 o - a +0 leather armour
 p - a +0 ring mail (worn)
Jewellery
 j - a ring of protection from cold
Scrolls
 c - 2 scrolls of magic mapping {unknown}
 d - a scroll of fog {unknown}
 e - a scroll of silence {unknown}
 f - 3 scrolls of identify
 i - 2 scrolls of teleportation {unknown}
 m - a scroll of amnesia {unknown}
 n - a scroll of enchant armour {unknown}
Potions
 q - a potion of haste {unknown}


   Skills:
 - Level 3.6 Fighting
 + Level 6.7 Axes
 - Level 2.1 Armour
 - Level 1.5 Dodging


You had 3 spell levels left.
You didn't know any spells.
Your spell library was empty.

Dungeon Overview and Level Annotations

Branches:
Dungeon (3/15)

Altars:
Xom

Shops:
D:1 ?

Annotations:
D:3 Sigmund


Message History

Terence hits you with a +0 hand axe. Something hits you but does no damage.
You closely miss Terence.
Terence is severely wounded.
Terence says, "Don't bother to defend, it's useless."
Terence barely misses you.
You barely miss Terence.
Terence is severely wounded.
Something hits you but does no damage. Terence hits you with a +0 hand axe.
You closely miss Terence.
Terence is severely wounded.
Terence hits you with a +0 hand axe.
You hit Terence.
Terence is severely wounded.
You feel the effects of Trog's Hand fading.
Something hits you!
You closely miss Terence.
Terence is severely wounded.
Terence hits you but does no damage.
You closely miss Terence.
Terence is severely wounded.
Something hits you but does no damage. Terence hits you with a +0 hand axe.
You sock Terence!
You kill Terence!
Trog accepts your kill.
You have reached level 4!
You are no longer berserk.
You are exhausted.
You feel yourself slow down. Something hits you.
Things that are here:
a +0 hand axe; a +0 chain mail You barely miss something.
Your skin stops crawling.
You feel less strong-willed. Something hits you.
You hit something. Something hits you but does no damage.
You hit something but do no damage. Something hits you. Something hits you!
* * * LOW HITPOINT WARNING * * *
You sock something! Something hits you.
* * * LOW HITPOINT WARNING * * *
You miss something. Something hits you.
You die...

#................#....
#.....#########..#.#.#
#####.#.......#..#.#..
#....#.......#.....[.
####.##.#.......#.##....
..........)._...#......)
####....#.......#.###..#
#.)#.#.......# #...
.####..#@#.......#.####..
.......{.#########.......
.........††........###...
...........#..##..####.#.
#..........# # #.....<..
#..........# #########
#..........# ####.......#
#.......#


There were no monsters in sight!

Vanquished Creatures
  Terence (D:3)
  2 worms (D:2)
  A dart slug (D:1)
  An orc (D:3)
  3 endoplasms
  A giant cockroach (D:1)
  6 goblins
  3 hobgoblins
  3 jackals (D:3)
  4 kobolds
  A quokka (D:2)
  4 ball pythons
  6 bats
  2 frilled lizards (D:1)
  3 rats
41 creatures vanquished.

Notes
Turn   | Place    | Note
-------+----------+-------------------------------------------
     0 | D:1      | ptdevnull the Hill Orc Berserker began the quest for the
                  | Orb.
     0 | D:1      | Reached XP level 1. HP: 19/19 MP: 1/1
   234 | D:1      | Reached XP level 2. HP: 23/26 MP: 2/2
   331 | D:1      | Reached skill level 5 in Axes
   587 | D:1      | Found Honuc's Magic Scroll Shop.
   639 | D:1      | Bought a scroll of identify for 24 gold pieces
   854 | D:1      | Reached ** piety under Trog
   998 | D:1      | Reached XP level 3. HP: 31/31 MP: 3/3
  1100 | D:1      | Found a faded altar of an unknown god.
  2188 | D:2      | Reached skill level 6 in Axes
  2429 | D:3      | Found a shimmering altar of Xom.
  2451 | D:3      | Noticed Terence
  2452 | D:3      | Noticed Sigmund
  2473 | D:3      | Killed Terence
  2474 | D:3      | Reached XP level 4. HP: 28/39 MP: 4/4
  2479 | D:3      | Slain by Sigmund

Illustrated notes

Levels and vault maps discovered:
D:1:      lightli_arrival_noodles, layout_basic, serial_shops, shop,
          shapermc_ecumenical_altar_mp_vishouse, st_stairs_1,
          chequers_serial_rivers_large_b, minmay_hexomino_p4
D:2:      layout_loops_cross
D:3:      layout_basic, lemuel_tele_altar, kennysheep_jessica_study,
          uniq_sigmund, uniq_terence

Skill      XL: |  1  2  3 |
---------------+----------+-----
Axes           | 5 6 |  6.7
Fighting       | |  3.6
Armour         | |  2.1
Dodging        | |  1.5

Action                   |  1- 3 |  4- 6 || total
-------------------------+-------+-------++-------
Melee: Hand axe          |    68 |       ||    68
       Punch             |     2 |       ||     2
       Mace              |    56 |     5 ||    61
Invok: Berserk           |     1 |       ||     1
       Trog's Hand       |     1 |       ||     1
  Use: Potion            |     1 |       ||     1
Armor: Animal skin       |    22 |       ||    22
       Ring mail         |    21 |     1 ||    22
Dodge: Dodged            |    53 |       ||    53

Table legend: (Time is in decaauts)
 A = Elapsed time spent in this place.
 B = Non-inter-level travel time spent in this place.
 C = Inter-level travel time spent in this place.
 D = Time resting spent in this place.
 E = Time spent auto-exploring this place.
 F = Levels seen in this place.
 G = Mean time per level.
                   A        B        C        D        E       F      G
               +--------+--------+--------+--------+--------+-----+--------+
         Total |   2523 |   2455 |     68 |    161 |   1952 |   3 |  841.0 |
       Dungeon |   2523 |   2455 |     68 |    161 |   1952 |   3 |  841.0 |
               +--------+--------+--------+--------+--------+-----+--------+

Top non-repeatable levels by time:
     D:1: 1231 daAuts
     D:2: 1182 daAuts
     D:3: 109 daAuts
